 Dungeon Crawl Stone Soup version 0.29-a0-266-gf56f883ddd (webtiles) character file.

Game seed: 11944447310788350405

2191 frimble the Skirmisher (level 9, -15/68 HPs)
             Began as a Djinni Cinder Acolyte on Mar 6, 2022.
             Was a High Priest of Ignis.
             Killed from afar by a shock serpent (23 damage)
             ... with a bolt of electricity
             ... on level 7 of the Dungeon.
             The game lasted 00:20:50 (10788 turns).

frimble the Skirmisher (Djinni Cinder Acolyte)     Turns: 10788, Time: 00:20:50

Health: -15/68     AC:  4    Str: 13    XL:     9   Next: 59%
Gold:   368        EV: 12    Int: 18    God:    Ignis [*****.] SH:  5 Dex: 11

rFire   + + +      SeeInvis .   l - +1 dagger (elec)
rCold   x . .      Faith    .   (no shield)
rNeg    . . .      Spirit   .   w - +1 robe {Will+}
rPois   ∞          Reflect  +   (no helmet)
rElec   .          Harm     .   (no cloak)
rCorr   .          Rampage  .   s - +0 pair of gloves
Will    +....                   (boots unavailable)
Stlth   +.........              j - amulet of reflection
HPRegen 0.21/turn               (no ring)
MPRegen 0.00/turn               (no ring)

@: rising, flying
A: sickness immunity, fire resistance 2, cold vulnerability 1, float, innate
caster, HP casting, extra vitality 1
a: Renounce Religion, Fiery Armour, Foxfire Swarm


You were on level 7 of the Dungeon.
You worshipped Ignis.
Ignis was extremely pleased with you.
You visited 1 branch of the dungeon, and saw 7 of its levels.

You collected 368 gold pieces.

Inventory:

Hand Weapons
 l - a +1 dagger of electrocution (weapon)
Missiles
 u - 4 throwing nets
Armour
 f - +0 steam dragon scales
 h - the +7 plate armour of the Illusory Queens {*Corrode +Inv rElec Dex+7}
   (You found it on level 4 of the Dungeon)

   Dex:       It affects your dexterity (+7).
   rElec:     It insulates you from electricity.
   +Inv:      It lets you turn invisible.
   *Corrode:  It may corrode you when you take damage.
 s - a +0 pair of gloves (worn)
 w - a +1 robe of willpower (worn)
Jewellery
 j - an amulet of reflection (around neck)
Wands
 b - a wand of polymorph (9)
Scrolls
 a - a scroll of identify
 e - a scroll of enchant armour
 r - 2 scrolls of teleportation
 t - a scroll of brand weapon
 x - a scroll of torment {unknown}
Potions
 c - 2 potions of mutation
 d - a potion of heal wounds
 g - a potion of brilliance
 i - 2 potions of magic {unknown}
 k - a potion of haste {unknown}
 m - a potion of attraction {unknown}
 n - a potion of cancellation {unknown}
 o - a potion of might {unknown}
 p - a potion of resistance {unknown}
 q - a potion of ambrosia {unknown}
 v - a potion of lignification


   Skills:
 + Level 7.2 Fighting
 + Level 5.3 Short Blades
 - Level 3.0 Dodging
 - Level 3.8 Unarmed Combat
 + Level 5.4 Spellcasting
 + Level 3.2 Evocations


You had 6 spell levels left.
You knew the following spells:

 Your Spells              Type           Power      Damage    Failure   Level
a - Scorch                Fire           48%        2d7       1%          2
b - Foxfire               Conj/Fire      96%        2x1d8     1%          1
c - Poisonous Vapours     Pois/Air       48%        N/A       1%          2
d - Dazzling Flash        Conj/Hex       48%        N/A       4%          3
e - Fulminant Prism       Conj/Hex       12%        3d9       14%         4
Your spell library was empty.

Dungeon Overview and Level Annotations

Branches:
Dungeon (7/15)             Temple (0/1) D:4

Altars:
Sif Muna

Shops:
D:4 ?   D:6 [


Innate Abilities, Weirdness & Mutations

You are immune to sickness and miasma.
You are immune to poison.
Your flesh is very heat resistant. (rF++)
You are vulnerable to cold. (rC-)
You float through the air rather than walking.
You learn spells naturally, not from books.
Your magical power is your life essence.
You have superior vitality. (+4 MHP)


Message History

The two-headed ogre is dazzled.
An orc comes into view. It is wielding a +0 mace.
Casting: Dazzling Flash (dangerous; 4% risk of failure)
Confirm with . or Enter, or press ? or * to list all spells.
Okay, then.
Unknown command.
Okay, then.
The two-headed ogre is no longer blind.
The two-headed ogre attacks as you move away!
The two-headed ogre hits you with a +0 giant club!
The two-headed ogre hits you with a +0 giant club.
As you read the scroll of teleportation, it crumbles to dust.
You feel strangely unstable. The two-headed ogre misses you.
The two-headed ogre hits you with a +0 giant club!
Your surroundings suddenly seem different.
You start resting.
A two-headed ogre opens the door.
It is wielding two +0 giant clubs.
Aiming: Polymorph
Press: ? - help, Shift-Dir - straight line, f - two-headed ogre
Aim: a two-headed ogre, wielding two +0 giant clubs (will become a cane toad, a shock serpent, or a jumping spider, chance to affect: 39%)
The two-headed ogre evaporates and reforms as a shock serpent!
The shock serpent shoots out a bolt of lightning at you!
The bolt of electricity hits you!
You reach down and close the door.
The shock serpent bites you!
* * * LOW HITPOINT WARNING * * *
The shock serpent shocks you!
* * * LOW HITPOINT WARNING * * *
There's a creature in the doorway!
Okay, then.
Okay, then.
Aiming: Polymorph
Press: ? - help, Shift-Dir - straight line, f/p - shock serpent
Aim: a shock serpent (will become a glowing shapeshifter, an acid dragon, or a lindwurm, chance to affect: 39%)
Okay, then.
Unknown command.
You begin to rise into the air.
The shock serpent shoots out a bolt of lightning at you!
The bolt of electricity hits you!!
You die...

....##+####'#####................
#..................#'######....##
#..................#......#....#.
#..................#......#....#.
#..................#......#....#.
#.)................#......#....#.
#.......>........S.########....##
.....######....##+### ###....
.....#....#....#@...# #....
.)...#....+....S....# #....
.....#....#....#....# #....
.....#....#....#....# #....
.....####......##+###########....
.........######..................
.........# #..................
.........# #..................
.........# #............).....


You could see a shock serpent.

Vanquished Creatures
  Prince Ribbit (D:5)
  A wyvern (D:6)
  Sigmund (D:4)
  A fire bat (D:7)
  Menkaure (D:6)
  2 ogres
  A necrophage (D:4)
  A scorpion (D:7)
  Blork the orc (D:6)
  A bullfrog (D:6)
  A jelly (D:7)
  9 orc priests
  4 gnoll shamans
  4 iguanas
  4 orc wizards
  24 gnolls
  8 adders
  A white imp (D:7)
  An ufetubus (D:5)
  3 worms
  3 dart slugs
  3 orcs
  7 ball pythons
  6 endoplasms
  5 giant cockroaches
  6 goblins
  10 hobgoblins
  9 kobolds
  2 quokkas (D:1)
  3 bats
  A frilled lizard (D:1)
  A rat (D:1)
126 creatures vanquished.

Vanquished Creatures (collateral kills)
  A foxfire (D:7)
1 creature vanquished.

Vanquished Creatures (others)
  210 foxfires
210 creatures vanquished.

Grand Total: 337 creatures vanquished

Notes
Turn   | Place    | Note
-------+----------+-------------------------------------------
     0 | D:1      | frimble the Djinni Cinder Acolyte began the quest for the
                  | Orb.
     0 | D:1      | Reached XP level 1. HP: 20/20 MP: 0/0
     7 | D:1      | Noticed a basilisk
     7 | D:1      | Noticed a ragged hierophant
     8 | D:1      | Noticed a centaur warrior
    16 | D:1      | Found a faded altar of an unknown god.
   222 | D:1      | Reached XP level 2. HP: 4/25 MP: 0/0
   596 | D:1      | Reached skill level 1 in Dodging
  1137 | D:1      | Reached XP level 3. HP: 12/30 MP: 0/0
  1137 | D:1      | Learned a level 1 spell: Foxfire
  2044 | D:2      | Reached XP level 4. HP: 22/35 MP: 0/0
  3069 | D:3      | Reached XP level 5. HP: 34/40 MP: 0/0
  3069 | D:3      | Learned a level 2 spell: Poisonous Vapours
  4002 | D:4      | Noticed Sigmund
  4015 | D:4      | Found Vitaxus's Magic Scroll Boutique.
  4057 | D:4      | Reached skill level 4 in Fighting
  4271 | D:4      | Reached XP level 6. HP: 43/47 MP: 0/0
  4323 | D:4      | Reached skill level 1 in Short Blades
  4331 | D:4      | Noticed an ogre
  4851 | D:4      | Identified the +7 plate armour of the Illusory Queens
                  | {*Corrode +Inv rElec Dex+7}
  5010 | D:5      | Entered Level 5 of the Dungeon
  5050 | D:5      | Noticed an ogre
  5064 | D:5      | Killed an ogre
  5065 | D:5      | Reached XP level 7. HP: 48/53 MP: 0/0
  5065 | D:5      | Learned a level 3 spell: Dazzling Flash
  6021 | D:5      | Reached skill level 5 in Fighting
  6524 | D:5      | Noticed Prince Ribbit
  6540 | D:5      | Killed Prince Ribbit
  6541 | D:5      | Reached XP level 8. HP: 37/60 MP: 0/0
  7911 | D:4      | Reached skill level 6 in Fighting
  7940 | D:4      | Found a staircase to the Ecumenical Temple.
  8032 | D:4      | Killed Sigmund
  8570 | D:6      | Noticed a wyvern
  8578 | D:6      | Killed a wyvern
  8579 | D:6      | Reached skill level 1 in Evocations
  8709 | D:6      | Reached XP level 9. HP: 47/67 MP: 0/0
  8709 | D:6      | Learned a level 4 spell: Fulminant Prism
  9035 | D:6      | Found Apypy's Antique Armour Shop.
  9305 | D:6      | Noticed Menkaure
  9309 | D:6      | Noticed Blork the orc
  9310 | D:6      | Killed Menkaure
  9311 | D:6      | Reached skill level 5 in Spellcasting
  9318 | D:6      | Killed Blork the orc
  9817 | D:7      | Reached skill level 5 in Short Blades
  9908 | D:7      | Reached skill level 7 in Fighting
 10199 | D:7      | Noticed Maggie
 10200 | D:7      | Noticed Maggie
 10200 | D:7      | Maggie changed into Maggie the fire bat
 10211 | D:7      | Killed Maggie the fire bat
 10713 | D:7      | Noticed a two-headed ogre
 10783 | D:7      | Noticed a shock serpent
 10783 | D:7      | a two-headed ogre changed into a shock serpent
 10788 | D:7      | Killed from afar by a shock serpent

Illustrated notes

Levels and vault maps discovered:
D:1:      onia_arrival_zoo_common, layout_rooms,
          dreamdust_ecumenical_altar_statues, minmay_misc_feat_room,
          minmay_pentomino_p2
D:2:      layout_rooms
D:3:      layout_loops_ring, minmay_fountain_box
D:4:      layout_loops_ring, minmay_temple_entry_proselytizer, serial_shops,
          nicolae_stop_n_shop_2, uniq_sigmund
D:5:      layout_basic, uniq_prince_ribbit1
D:6:      layout_cave_pools, tgw_sif, serial_shops, nicolae_shop_behind_doors,
          uniq_menkaure
D:7:      layout_gridville, uniq_maggie

Skill      XL: |  1  2  3  4  5  6  7  8  9 |
---------------+----------------------------+-----
Dodging        | 1 3 |  3.0
Fighting       | 4 5 6 7 |  7.2
Short Blades   | 2 3 4 5 |  5.3
Spellcasting   | 3 4 5 |  5.4
Evocations     | 1 3 |  3.2
Unarmed Combat | |  3.8

Action                   |  1- 3 |  4- 6 |  7- 9 || total
-------------------------+-------+-------+-------++-------
Melee: Unarmed           |    40 |    11 |       ||    51
       Punch             |     2 |       |     3 ||     5
       Dagger            |       |    22 |   131 ||   153
 Cast: Scorch            |    29 |    48 |    17 ||    94
       Foxfire           |       |    13 |   107 ||   120
       Poisonous Vapours |       |       |    14 ||    14
       Dazzling Flash    |       |       |     4 ||     4
Invok: Foxfire Swarm     |     1 |       |       ||     1
       Rising Flame      |       |       |     1 ||     1
Evoke: Wand              |       |       |     3 ||     3
  Use: Scroll            |     3 |     7 |     5 ||    15
       Potion            |       |       |     1 ||     1
 Stab: Distracted        |       |     2 |       ||     2
Armor: Robe              |    13 |     3 |     9 ||    25
       Skin              |       |       |     7 ||     7
Dodge: Dodged            |    29 |    28 |    67 ||   124
Block: Other             |       |    10 |    22 ||    32

Table legend: (Time is in decaauts)
 A = Elapsed time spent in this place.
 B = Non-inter-level travel time spent in this place.
 C = Inter-level travel time spent in this place.
 D = Time resting spent in this place.
 E = Time spent auto-exploring this place.
 F = Levels seen in this place.
 G = Mean time per level.
                   A        B        C        D        E       F      G
               +--------+--------+--------+--------+--------+-----+--------+
         Total |  10775 |  10362 |    413 |   1698 |   7303 |   7 | 1539.3 |
       Dungeon |  10775 |  10362 |    413 |   1698 |   7303 |   7 | 1539.3 |
               +--------+--------+--------+--------+--------+-----+--------+

Top non-repeatable levels by time:
     D:1: 2322 daAuts
     D:5: 2042 daAuts
     D:3: 1950 daAuts
     D:4: 1397 daAuts
     D:6: 1349 daAuts
     D:7: 995 daAuts
     D:2: 718 daAuts
